 Dungeon Crawl Stone Soup version 0.28-a0-1389-gc726bef33b (webtiles) character file.

Game seed: 7951897780558043837

10507 Lekart the Cleaver (level 11, -14/100 HPs)
             Began as a Green Draconian Fighter on Jan 3, 2022.
             Was a High Priest of Lugonu.
             Demolished by a demonic crawler simulacrum (19 damage)
             ... in an ice cave.
             The game lasted 00:22:36 (11970 turns).

Lekart the Cleaver (Green Draconian Fighter)       Turns: 11970, Time: 00:22:36

Health: -14/100    AC: 10    Str: 19    XL:     11   Next: 37%
Magic:  17/17      EV: 13    Int:  9    God:    Lugonu [*****.]
Gold:   396        SH: 17    Dex: 23    Spells: 10/10 levels left

rFire   . . .      SeeInvis .   a - +0 war axe (spect)
rCold   . . .      Faith    .   B - +0 tower shield
rNeg    . . .      Spirit   .   (armour unavailable)
rPois   +          Reflect  .   (helmet restricted)
rElec   .          Harm     .   p - +0 cloak
rCorr   .          Rampage  .   q - +1 pair of gloves {Dex+3}
Will    +....                   (no boots)
Stlth   ++........              A - amulet of regeneration
HPRegen 0.26/turn               d - ring of willpower
MPRegen 0.15/turn               I - +6 ring of dexterity

@: short of breath, slowed, very slow
A: breathe noxious fumes, AC +7, unfitting armour, poison resistance,
cold-blooded, robust 1, MP-powered wands
a: Breathe Noxious Fumes, Renounce Religion, Depart the Abyss, Bend Space,
Banish, Corrupt, Enter the Abyss


You were in an ice cave.
You worshipped Lugonu.
Lugonu was extremely pleased with you.
You visited 2 branches of the dungeon, and saw 12 of its levels.
You also visited: Ice Cave.

You collected 598 gold pieces.
You spent 202 gold pieces at shops.

Inventory:

Hand Weapons
 a - a +0 spectral war axe (weapon)
 n - a +2 war axe of freezing
 x - a +1 dagger of flaming
Missiles
 e - 10 poisoned darts
 z - 5 boomerangs (quivered)
 D - 5 javelins
Armour
 p - a +0 cloak (worn)
 q - a +1 pair of gloves of dexterity (worn)
 B - a +0 tower shield (worn)
Jewellery
 c - a ring of ice
 d - a ring of willpower (left hand)
 j - a ring of fire
 s - an amulet of reflection
 A - an amulet of regeneration (around neck)
 I - a +6 ring of dexterity (right hand)
Wands
 k - a wand of polymorph (14)
 t - a wand of iceblast (8)
 u - a wand of flame (18)
 y - a wand of paralysis (4)
 F - a wand of digging (5)
Scrolls
 b - a scroll of identify
 o - 5 scrolls of teleportation
 r - a scroll of fear
 v - a scroll of blinking
 w - a scroll of magic mapping
 E - a scroll of silence
 H - a scroll of brand weapon
Potions
 f - a potion of ambrosia
 g - 3 potions of haste
 h - 3 potions of heal wounds
 i - 7 potions of attraction
 l - 3 potions of curing
 m - a potion of might
 C - a potion of magic
Miscellaneous
 G - a phantom mirror


   Skills:
 + Level 6.5 Fighting
 + Level 9.3 Axes
 + Level 8.5 Throwing
 + Level 5.9 Dodging
 - Level 0.8 Stealth
 + Level 6.8 Shields
 * Level 8.4 Invocations
 + Level 0.2 Evocations


You had 10 spell levels left.
You didn't know any spells.
Your spell library contained the following spells:

 Spells                   Type           Power      Damage    Failure   Level
 Summon Small Mammal      Summ           0%         N/A       99%         1
 Blink                    Tloc           0%         N/A       100%        2
 Ensorcelled Hibernation  Hex/Ice        0%         N/A       100%        2
 Call Canine Familiar     Summ           0%         N/A       100%        3
 Inner Flame              Hex/Fire       0%         N/A       100%        3
 Ozocubu's Armour         Ice            0%         N/A       100%        3
 Summon Guardian Golem    Hex/Summ       0%         N/A       100%        3
 Tukima's Dance           Hex            0%         N/A       100%        3
 Cause Fear               Hex            0%         N/A       100%        4
 Manifold Assault         Tloc           0%         N/A       100%        5
 Metabolic Englaciation   Hex/Ice        0%         N/A       100%        5
 Simulacrum               Ice/Necr       0%         N/A       100%        6
 Enfeeble                 Hex            0%         N/A       100%        7
 Storm Form               Tmut/Air       0%         N/A       100%        7
 Discord                  Hex            0%         N/A       100%        8


Dungeon Overview and Level Annotations

Branches:
Dungeon (11/15)            Temple (1/1) D:5            Lair (0/6) D:10
    Orc (0/2) D:9           IceCv (1/1)

Altars:
Ashenzari
Cheibriados
Dithmenos
Elyvilon
Fedhas
Gozag
Hepliaklqana
Kikubaaqudgha
Makhleb
Nemelex Xobeh
Okawaru
Qazlal
Ru
Sif Muna
Trog
Uskayaw
Vehumet
Wu Jian
Xom
Yredelemnul
Zin
The Shining One
Lugonu

Shops:
D:1 ([   D:2 (   D:6 [   D:8 (


Innate Abilities, Weirdness & Mutations

You can breathe blasts of noxious fumes.
Your lurid green scales are hard. (AC +7)
You cannot fit into any form of body armour.
Your system is resistant to poisons. (rPois)
You are cold-blooded and may be slowed by cold attacks.
You are robust. (+10% HP)
You expend magic power (3 MP) to strengthen your wands.


Message History

The demonic crawler simulacrum is moderately damaged.
You block the demonic crawler simulacrum's attack.
The demonic crawler simulacrum closely misses you.
The demonic crawler simulacrum hits you.
The demonic crawler simulacrum freezes you!!
You feel yourself slow down.
You block the demonic crawler simulacrum's attack.
The demonic crawler simulacrum hits you but does no damage.
The demonic crawler simulacrum completely misses you.
Aiming: Breathe Noxious Fumes (3% risk of failure)
Press: ? - help, Shift-Dir - straight line, f - demonic crawler simulacrum
Aim: a demonic crawler simulacrum (moderately damaged)
You exhale a blast of noxious fumes.
The blast of choking fumes hits the demonic crawler simulacrum but does no damage.
The demonic crawler simulacrum is moderately damaged.
The blast of choking fumes hits the glowing shapeshifter simulacrum.
The glowing shapeshifter simulacrum completely resists.
You block the demonic crawler simulacrum's attack.
The demonic crawler simulacrum hits you.
The demonic crawler simulacrum freezes you!!
* * * LOW HITPOINT WARNING * * *
You block the demonic crawler simulacrum's attack.
You feel yourself speed up.
You block the demonic crawler simulacrum's attack.
The demonic crawler simulacrum hits you.
* * * LOW HITPOINT WARNING * * *
The demonic crawler simulacrum freezes you!
* * * LOW HITPOINT WARNING * * *
The demonic crawler simulacrum closely misses you.
Okay, then.
You fail to use your ability.
The demonic crawler simulacrum hits you but does no damage.
You block the demonic crawler simulacrum's attack. x2
You fail to use your ability.
You block the demonic crawler simulacrum's attack. x2
The demonic crawler simulacrum hits you.
* * * LOW HITPOINT WARNING * * *
The demonic crawler simulacrum freezes you!!
You feel yourself slow down.
You die...

#####
##.∩.##
#..∩..#
##.@.##
##Z##
#Z# .Z.
.....
.#####.
## ##


You could see a demonic crawler simulacrum, a glowing shapeshifter simulacrum
and an entropy weaver simulacrum.

Vanquished Creatures
  A two-headed ogre (D:9)
  A centaur warrior (D:9)
  An unseen horror (D:10)
  2 rime drakes (D:11)
  A kobold demonologist (D:10)
  2 komodo dragons (D:10)
  A troll (D:9)
  3 hornets
  Sigmund (D:2)
  3 wraiths
  5 yaks (D:10)
  Eustachio (D:5)
  3 humans (D:6)
  A steam dragon (D:8)
  Edmund (D:5)
  A sky beast (D:8)
  6 orc warriors
  An ice beast (D:6)
  A black bear (D:7)
  2 necrophages (D:9)
  2 ogres (D:4)
  2 centaurs
  2 kobold brigands
  A gnoll sergeant (D:6)
  3 bullfrogs
  A water moccasin zombie (D:5)
  2 wyvern skeletons (D:7)
  A water moccasin skeleton (D:6)
  6 killer bees (D:7)
  7 wights
  5 howler monkeys (D:9)
  5 centaur zombies
  3 hounds (D:4)
  A gnoll shaman (D:7)
  5 orc priests
  Ijyb (D:5)
  2 iguanas
  16 orc wizards
  A howler monkey zombie (D:9)
  Robin (D:2)
  13 gnolls
  8 adders
  A shadow imp (D:8)
  A white imp (D:6)
  An ufetubus (D:5)
  3 worms
  2 adder skeletons (D:4)
  2 dart slugs
  27 orcs
  13 endoplasms
  3 giant cockroaches
  11 goblins
  14 hobgoblins
  3 quokkas
  6 ball pythons
  6 bats
  2 frilled lizards (D:3)
  10 kobolds
  5 rats
236 creatures vanquished.

Vanquished Creatures (others)
  6 plants
6 creatures vanquished.

Grand Total: 242 creatures vanquished

Notes
Turn   | Place    | Note
-------+----------+-------------------------------------------
     0 | D:1      | Lekart the Draconian Fighter began the quest for the Orb.
     0 | D:1      | Reached XP level 1. HP: 19/19 MP: 1/1
    27 | D:1      | Found Ustruum's Armour Boutique.
   115 | D:1      | Found Xissagan's Antique Weapon Shop.
   621 | D:1      | Reached XP level 2. HP: 26/26 MP: 2/2
  1232 | D:2      | Reached XP level 3. HP: 18/31 MP: 3/3
  1600 | D:2      | Noticed Robin
  1607 | D:2      | Killed Robin
  1633 | D:2      | Reached skill level 1 in Throwing
  2048 | D:2      | Reached XP level 4. HP: 39/39 MP: 4/4
  2170 | D:2      | Found Takkuk's Antique Weapon Boutique.
  2175 | D:2      | Noticed Sigmund
  2186 | D:2      | Killed Sigmund
  2187 | D:2      | Reached skill level 3 in Axes
  2187 | D:2      | Reached XP level 5. HP: 21/46 MP: 5/5
  2584 | D:2      | Gained mutation: You expend magic power (3 MP) to
                  | strengthen your wands. [potion of mutation]
  2584 | D:2      | Gained mutation: You are robust. (+10% HP) [potion of
                  | mutation]
  2812 | D:3      | Found a faded altar of an unknown god.
  2866 | D:3      | Prayed at the altar of an unknown god.
  2866 | D:3      | Became a worshipper of Lugonu the Unformed
  2866 | D:3      | Reached * piety under Lugonu
  2866 | D:3      | Reached ** piety under Lugonu
  2973 | D:3      | Reached XP level 6. HP: 55/57 MP: 6/6
  3294 | D:3      | Found a hide-covered altar of Uskayaw.
  3506 | D:3      | Reached skill level 4 in Axes
  3585 | D:3      | Found a broken altar of Ashenzari.
  3925 | D:4      | Reached skill level 1 in Invocations
  4272 | D:4      | Your scales start taking on a lurid green colour.
  4272 | D:4      | Reached XP level 7. HP: 62/66 MP: 8/8
  4272 | D:4      | Gained mutation: Your system is resistant to poisons.
                  | (rPois) [Green Draconian growth]
  4356 | D:4      | Reached *** piety under Lugonu
  4715 | D:5      | Entered Level 5 of the Dungeon
  4784 | D:5      | Reached skill level 5 in Axes
  4929 | D:5      | Found a staircase to the Ecumenical Temple.
  4945 | Temple   | Entered the Ecumenical Temple
  5105 | D:5      | Noticed Ijyb
  5114 | D:5      | Killed Ijyb
  5193 | D:5      | Noticed Edmund
  5202 | D:5      | Killed Edmund
  5328 | D:5      | Noticed Eustachio
  5336 | D:5      | Killed Eustachio
  5337 | D:5      | Reached XP level 8. HP: 73/73 MP: 10/10
  5736 | D:6      | Reached skill level 6 in Axes
  5914 | D:6      | Reached skill level 5 in Fighting
  6357 | D:6      | Found Kiowe's Antique Armour Shop.
  6364 | D:6      | Bought a pair of glowing gloves for 202 gold pieces
  6581 | D:6      | Found a shadowy altar of Dithmenos.
  7006 | D:6      | Reached skill level 7 in Axes
  7006 | D:6      | Reached XP level 9. HP: 67/81 MP: 12/12
  7420 | D:7      | Reached skill level 5 in Shields
  7428 | D:7      | Reached skill level 5 in Invocations
  7509 | D:7      | Reached **** piety under Lugonu
  8141 | D:7      | Reached skill level 5 in Dodging
  8143 | D:7      | Reached skill level 5 in Throwing
  8398 | D:8      | Found a shimmering blue altar of Sif Muna.
  8401 | D:8      | Found a bloodstained altar of Trog.
  8542 | D:8      | Reached skill level 8 in Axes
  8684 | D:8      | Found an iron altar of Okawaru.
  8684 | D:8      | Found a sparkling altar of Nemelex Xobeh.
  8686 | D:8      | Found a sacrificial altar of Ru.
  8692 | D:8      | Found a basalt altar of Yredelemnul.
  9239 | D:8      | Found Sike's Hydra Hut.
  9243 | D:8      | Noticed a six-headed hydra
  9385 | D:9      | Reached XP level 10. HP: 91/91 MP: 14/14
  9481 | D:9      | Reached ***** piety under Lugonu
  9526 | D:9      | Noticed a centaur warrior
  9530 | D:9      | Killed a centaur warrior
  9946 | D:9      | Noticed a two-headed ogre
  9954 | D:9      | Killed a two-headed ogre
 10282 | D:9      | Found a staircase to the Orcish Mines.
 10393 | D:10     | Entered Level 10 of the Dungeon
 10703 | D:10     | Reached XP level 11. HP: 80/97 MP: 16/16
 10857 | D:10     | Reached skill level 9 in Axes
 11159 | D:10     | Noticed a two-headed ogre
 11171 | D:10     | Banished a two-headed ogre
 11394 | D:10     | Found a staircase to the Lair.
 11924 | D:11     | Found a frozen archway.
 11962 | IceCv    | Entered an ice cave
 11970 | IceCv    | HP: 5/100 [demonic crawler simulacrum (2)]
 11970 | IceCv    | Demolished by a demonic crawler simulacrum

Illustrated notes

Levels and vault maps discovered:
D:1:      saegor_arrival_under_anarchy, layout_loops_corners, serial_shops,
          shop, shop
D:2:      layout_basic, serial_co_window_serial, co_window_paths_a,
          co_window_paths_a, co_window_paths_b, co_window_corner_a,
          co_window_of_opportunity_a, co_window_of_opportunity_b,
          co_window_broadway_b, co_window_of_opportunity_c, glass_columns_c,
          glass_columns_c, glass_columns_c, glass_columns_a, glass_columns_c,
          serial_shops, nicolae_shop_behind_doors, uniq_sigmund, uniq_robin
D:3:      layout_basic, mainiacjoe_overflow_24_doors, lemuel_tele_altar,
          nicolae_ecumenical_lake_church, minmay_checkerbox
D:4:      layout_rooms, hangedman_minor_gate_pass
D:5:      layout_basic, temple_hall, hex_tiny, minmay_misc_feat_tower,
          uniq_edmund, uniq_eustachio, uniq_ijyb
D:6:      layout_basic, nicolae_dithmenos_through_a_glass_darkly, serial_shops,
          nicolae_stop_n_shop_2, cheibrodos_sewer_entry_drain,
          grunt_decor_junction, grunt_ministairs_9, minmay_ruffians
D:7:      layout_basic
D:8:      layout_loops_corners, grunt_temple_overflow_open, grunt_ministairs_9,
          doesnt_shop_hydraphobe
D:9:      layout_gridville, david_orc_4, serial_undead, serial_undead_d,
          serial_undead_e, serial_undead_f, serial_undead_e, serial_undead_f,
          serial_undead_c
D:10:     minmay_inner_zag, layout_loops_corners, david_lair_shrubbed,
          kennysheep_windowed_goal
D:11:     layout_basic, portal_ice_cave_rime, nzn_random_ring
Temple:   cyrus_circular_temple
IceCv:    ice_cave_hellmonk_azure_passage

Skill      XL: |  1  2  3  4  5  6  7  8  9 10 11 |
---------------+----------------------------------+-----
Dodging        | 3 4 5 |  5.9
Throwing       | 1 2 4 5 8 |  8.5
Fighting       | 4 5 6 |  6.5
Axes           | 3 4 5 7 8 9 |  9.3
Shields        | 4 5 6 |  6.8
Invocations    | 1 3 4 6 7 8 |  8.4
Stealth        | |  0.8
Evocations     | |  0.2

Action                   |  1- 3 |  4- 6 |  7- 9 | 10-12 || total
-------------------------+-------+-------+-------+-------++-------
Melee: War axe           |    57 |   127 |   224 |    76 ||   484
       Tailslap          |     8 |    17 |    33 |    18 ||    76
Throw: Boomerang         |    44 |       |       |   127 ||   171
       Dart              |       |    18 |   131 |    20 ||   169
Invok: Banish            |       |       |       |     1 ||     1
 Abil: Breathe Noxious F |       |       |     2 |     5 ||     7
Evoke: Wand              |       |       |       |     4 ||     4
  Use: Potion            |       |     2 |     3 |       ||     5
       Scroll            |       |     9 |     6 |     2 ||    17
 Stab: Sleeping          |     2 |     2 |     3 |     1 ||     8
       Distracted        |       |       |     2 |     1 ||     3
       Confused          |       |       |     2 |     3 ||     5
       Paralysed         |       |       |       |     3 ||     3
Armor: Skin              |    28 |    23 |    57 |    26 ||   134
Dodge: Dodged            |    49 |    78 |    98 |    29 ||   254
Block: Buckler           |    18 |    36 |    81 |       ||   135
       Tower shield      |       |       |     9 |   115 ||   124
       Reflection        |       |       |     2 |    10 ||    12

Table legend: (Time is in decaauts)
 A = Elapsed time spent in this place.
 B = Non-inter-level travel time spent in this place.
 C = Inter-level travel time spent in this place.
 D = Time resting spent in this place.
 E = Time spent auto-exploring this place.
 F = Levels seen in this place.
 G = Mean time per level.
                   A        B        C        D        E       F      G
               +--------+--------+--------+--------+--------+-----+--------+
         Total |  12170 |  11738 |    432 |   1784 |   7784 |  13 |  936.2 |
       Dungeon |  12110 |  11686 |    424 |   1784 |   7749 |  11 | 1100.9 |
        Temple |     50 |     42 |      8 |      0 |     35 |   1 |   50.0 |
      Ice Cave |      9 |      9 |      0 |      0 |      0 |   1 |    9.0 |
               +--------+--------+--------+--------+--------+-----+--------+

Top non-repeatable levels by time:
     D:6: 1693 daAuts
     D:2: 1662 daAuts
    D:10: 1539 daAuts
     D:1: 1197 daAuts
     D:9: 1121 daAuts
     D:3: 1074 daAuts
     D:8: 1035 daAuts
     D:7: 956 daAuts
     D:5: 901 daAuts
     D:4: 870 daAuts
    D:11: 58 daAuts
  Temple: 50 daAuts
   IceCv: 9 daAuts
